 Dungeon Crawl Stone Soup version 0.19.1-1-g22dce08 (webtiles) character file.

63 Jynx the Firebug (level 3, 0/19 HPs)
             Began as a Deep Elf Fire Elementalist on Jan 13, 2017.
             Killed from afar by an orc wizard (7 damage)
             ... with a puff of frost
             ... on level 3 of the Dungeon.
             The game lasted 00:03:19 (2154 turns).

Jynx the Firebug (Deep Elf Fire Elementalist)       Turns: 2154, Time: 00:03:20

Health: 0/19       AC:  3    Str:  5    XL:     3   Next: 87%
Magic:  4/10       EV: 13    Int: 20    God:
Gold:   77         SH:  0    Dex: 15    Spells: 1 memorised, 9 levels left

rFire  . . .     SeeInvis .     (no weapon)
rCold  . . .     Gourm    .     a - +1 robe
rNeg   . . .     Faith    .     (no shield)
rPois  .         Spirit   .     (no helmet)
rElec  .         Reflect  .     (no cloak)
rCorr  .         Harm     .     (no gloves)
MR     .....                    (no boots)
Stlth  ++........               k - amulet of inaccuracy (curse)
                                (no ring)
                                r - ring of flight

@: no status effects
A: no striking features
a: Evoke Flight


You were on level 3 of the Dungeon.
You were not hungry.

You visited 1 branch of the dungeon, and saw 3 of its levels.

You collected 77 gold pieces.

Inventory:

Armour
 a - a +1 robe (worn)
Jewellery
 g - an uncursed amulet of faith
 k - a cursed amulet of inaccuracy (around neck)
 r - a ring of flight (left hand)
Scrolls
 h - a scroll of teleportation
 o - a scroll of recharging
Potions
 e - a potion of resistance {unknown}
 m - a potion of agility
 n - 5 potions of degeneration
 p - 3 potions of brilliance {unknown}
Books
 b - a book of Flames

   Spells                             Type                      Level
   a - Flame Tongue                   Conjuration/Fire             1
   b - Throw Flame                    Conjuration/Fire             2
   c - Conjure Flame                  Conjuration/Fire             3
   d - Inner Flame                    Hexes/Fire                   3
   e - Sticky Flame                   Conjuration/Fire             4
   f - Fireball                       Conjuration/Fire             5
Comestibles
 c - 3 bread rations
 f - 4 chunks of flesh
 i - a slice of pizza
 j - a meat ration
 l - 4 fruits


   Skills:
 - Level 2.4 Dodging
 - Level 2.4 Stealth
 + Level 4.0 Spellcasting
 + Level 2.1 Conjurations
 * Level 4.3 Fire Magic


You had 9 spell levels left.
You knew the following spells:

 Your Spells              Type           Power        Failure   Level  Hunger
a - Flame Tongue          Conj/Fire      ###..        3%          1    None


Dungeon Overview and Level Annotations

Branches:
Dungeon (3/15)

Altars:

Annotations:
D:3 Terence


Message History

Casting: Flame Tongue
Confirm with . or Enter, or press ? or * to list all spells.
Aiming: Flame Tongue
Press: ? - help, Shift-Dir - straight line, f/p - orc wizard
Aim: an orc wizard, wielding a dagger and wearing a robe (moderately wounded)
The flame tongue misses the orc.
The flame tongue hits the orc wizard.
The orc wizard is heavily wounded.
The bat hits you but does no damage. The bat closely misses you.
The orc closely misses you.
Casting: Flame Tongue
Confirm with . or Enter, or press ? or * to list all spells.
Aiming: Flame Tongue
Press: ? - help, Shift-Dir - straight line, f/p - orc wizard
Aim: an orc wizard, wielding a dagger and wearing a robe (heavily wounded)
The flame tongue hits the orc.
You kill the orc!
The bat hits you but does no damage. The bat barely misses you.
The orc wizard casts a spell at you. The puff of frost hits you!
You die...

#.# #.# #.. #@# #o######
#o.....# #......#
..#######oo....#####
...#..
......b@)o..........
##...)..
.....#####..$..####
........ ... #.....!...#
........ . #.##.####.#
........ #># #.#
.....##### # #.# #.#
.........# #. #.####.#
....####.######.##.##...#
.......#<....##.........#


You could see 2 orc wizards, an orc and a bat.

Vanquished Creatures
  4 dart slugs
  2 leopard geckos
  2 orcs (D:3)
  3 giant cockroaches
  6 goblins
  4 hobgoblins
  4 jackals (D:2)
  7 kobolds
  A quokka (D:2)
  3 bats
  6 frilled lizards
  5 rats
47 creatures vanquished.

Notes
Turn   | Place    | Note
-------+----------+-------------------------------------------
     0 | D:1      | Jynx the Deep Elf Fire Elementalist began the quest for the Orb.
     0 | D:1      | Reached XP level 1. HP: 10/10 MP: 6/6
   349 | D:1      | Reached XP level 2. HP: 15/15 MP: 6/8
   885 | D:1      | Reached XP level 3. HP: 19/19 MP: 6/10
  2147 | D:3      | Noticed Terence
  2154 | D:3      | Killed from afar by an orc wizard

Skill      XL: |  1  2  3 |
---------------+----------+-----
Fire Magic     | 4 |  4.3
Conjurations   | 2 |  2.1
Spellcasting   | 4 |  4.0
Dodging        | |  2.4
Stealth        | |  2.4

Action                   || total
-------------------------++-------
 Cast: Flame Tongue      ||    91
  Use: Scroll            ||     6
  Eat: Chunk             ||     4
Armor: Robe              ||     6
Dodge: Dodged            ||    31
